 Dungeon Crawl Stone Soup version 0.32-a0-928-g1cae6b7ea0 (webtiles) character file.

Game seed: 8554775101629537279

82 AugustDreams the Trooper (level 4, 0/40 HPs)
             Began as a Mountain Dwarf Fighter on Apr 12, 2024.
             Incinerated by a bombardier beetle (7 damage)
             ... with a burning spray
             ... on level 3 of the Dungeon.
             The game lasted 00:04:53 (1368 turns).

AugustDreams the Trooper (Mountain Dwarf Fighter)   Turns: 1368, Time: 00:04:54

Health: 0/40       AC:  8    Str: 20    XL:     4   Next: 21%
Magic:  4/4        EV:  8    Int:  9    God:
Gold:   71         SH:  4    Dex:  9    Spells: 3/3 levels left

rFire   . . .        a - +0 war axe
rCold   . . .        c - +0 buckler
rNeg    . . .        b - +0 scale mail
rPois   .            (no helmet)
rElec   .            (no cloak)
rCorr   .            (no gloves)
SInv    +            j - +0 pair of boots
Will    .....        (no amulet) Stlth
                     o - ring of see invisible
HPRegen 0.26/turn    (no ring)
MPRegen 0.09/turn

%: no passive effects
@: on fire, glowing
A: runic magic, artefact enchanting
a: no special abilities


You were on level 3 of the Dungeon.
You visited 1 branch of the dungeon, and saw 3 of its levels.

You collected 71 gold pieces.

Inventory:

Hand Weapons
 a - a +0 war axe (weapon)
Missiles
 f - 4 curare-tipped darts (quivered)
 p - a throwing net
Armour
 b - a +0 scale mail (worn)
 c - a +0 buckler (worn)
 j - a +0 pair of boots (worn)
Jewellery
 o - a ring of see invisible (left hand)
Wands
 m - a wand of charming (11)
Scrolls
 g - a scroll of teleportation {unknown}
 k - a scroll of noise {unknown}
 l - a scroll of identify {unknown}
Potions
 d - a potion of might
 e - 2 potions of brilliance {unknown}
 h - a potion of heal wounds {unknown}
 i - a potion of attraction {unknown}
 n - a potion of curing {unknown}


   Skills:
 + Level 3.9 Fighting
 + Level 3.9 Axes
 + Level 3.7 Armour
 + Level 3.8 Shields


You had 3 spell levels left.
You didn't know any spells.
Your spell library contained the following spells:

 Spells                   Type           Power      Damage    Failure   Level
 Sublimation of Blood     Necr           0%         N/A       69%         2
 Fugue of the Fallen      Necr           0%         N/A       89%         3
 Ozocubu's Armour         Ice            0%         N/A       89%         3
 Petrify                  Alch/Erth      0%         N/A       100%        4
 Irradiate                Conj/Alch      0%         3d11      100%        5
 Manifold Assault         Tloc           0%         N/A       100%        7


Dungeon Overview and Level Annotations

Branches:
Dungeon (3/15)

Altars:

Shops:
D:1 =


Innate Abilities, Weirdness & Mutations

Your spellcasting is much less encumbered by armour.
You can use scrolls of enchantment on lesser artefacts.


Message History

You hit the orc wizard.
You kill the orc wizard!
You feel sick.
The orc wizard casts a spell.
The orc wizard flickers and vanishes for a moment.
The orc barely misses you.
You have reached level 4!
You feel clever.
You slash the orc!
You kill the orc!
You feel sick.
You closely miss the orc.
The orc is heavily wounded.
You feel sick.
You are no longer poisoned.
The bombardier beetle sprays incendiary fluid at you.
The burning spray misses the orc wizard.
The burning spray hits you.
You are covered in liquid fire!
You shake off some of the fire as you move.
The liquid fire burns you! The endoplasm freezes you.
You are frozen.
The orc hits you with a +0 morningstar.
You slash the orc wizard!
The orc wizard is severely wounded.
You slash the endoplasm!
You kill the endoplasm!
You slash the orc!
You kill the orc!
The liquid fire burns you!
The orc wizard hits you with a +0 dagger of freezing.
* * * LOW HITPOINT WARNING * * *
The orc wizard freezes you.
* * * LOW HITPOINT WARNING * * *
The orc hits you but does no damage. The orc wizard barely misses you.
You closely miss the orc wizard.
The orc wizard is severely wounded.
You hit the orc. The liquid fire burns you!
You die...

#####
#########...#######
#..................
#.###.............
#.# ##.#.#.###.###.
#.# #.#.#o#.......
#.# #.:.@oB..:.##
#.# #...#.#.#..#
####.## #...#.#.# #
#....<# #...#.#.#
#.##.<#.......... #
#.........##.##
#.#........ .(
.....#.###.# <.
##..#.#.#


You could see a bombardier beetle, an orc wizard (invisible) and an orc.

Vanquished Creatures
  An orc wizard (D:3)
  2 adders (D:2)
  2 orcs (D:3)
  2 bats
  3 endoplasms
  A giant cockroach (D:1)
  5 goblins
  2 hobgoblins (D:1)
  9 kobolds
  2 quokkas
  4 ball pythons
  A frilled lizard (D:2)
  2 rats
36 creatures vanquished.

Notes
Turn   | Place    | Note
-------+----------+-------------------------------------------
     0 | D:1      | AugustDreams the Mountain Dwarf Fighter began the quest for
                  | the Orb.
     0 | D:1      | Reached XP level 1. HP: 19/19 MP: 1/1
   149 | D:1      | Reached XP level 2. HP: 26/26 MP: 2/2
   590 | D:1      | Found Wusicza's Jewellery Emporium.
   924 | D:2      | Reached XP level 3. HP: 24/33 MP: 3/3
  1364 | D:3      | Reached XP level 4. HP: 31/40 MP: 4/4
  1368 | D:3      | Incinerated by a bombardier beetle

Illustrated notes

Levels and vault maps discovered:
D:1:      eino_arrival_water_star, layout_loops_corners, serial_shops, shop,
          serial_glass, glass_columns_a, glass_columns_a
D:2:      layout_rooms
D:3:      layout_loops_ring, hellmonk_ecumenical_altar_slurped_away,
          roderic_lattice_a

Skill      XL: |  1  2  3 |
---------------+----------+-----
Axes           | 3 |  3.9
Fighting       | |  3.9
Armour         | |  3.7
Shields        | |  3.8

Action                     |  1- 3 |  4- 6 || total
---------------------------+-------+-------++-------
  Melee: War axe           |    80 |     4 ||    84
 Armour: Scale mail        |    54 |     3 ||    57
  Dodge: Dodged            |    33 |     1 ||    34
  Block: Buckler           |    17 |       ||    17

Table legend: (Time is in decaauts)
 A = Elapsed time spent in this place.
 B = Non-inter-level travel time spent in this place.
 C = Inter-level travel time spent in this place.
 D = Time resting spent in this place.
 E = Time spent auto-exploring this place.
 F = Levels seen in this place.
 G = Mean time per level.
                   A        B        C        D        E       F      G
               +--------+--------+--------+--------+--------+-----+--------+
         Total |   1399 |   1388 |     11 |      0 |    971 |   3 |  466.3 |
       Dungeon |   1399 |   1388 |     11 |      0 |    971 |   3 |  466.3 |
               +--------+--------+--------+--------+--------+-----+--------+

Top non-repeatable levels by time:
     D:1: 936 daAuts
     D:2: 426 daAuts
     D:3: 36 daAuts
